 Dungeon Crawl Stone Soup version 0.30-a0-636-g200c5c4a83 (webtiles) character file.

Game seed: 1128091596217958102

741 Citaku the Covered (level 7, -6/61 HPs)
             Began as a Minotaur Fighter on Jan 15, 2023.
             Mangled by an ogre
             ... wielding a +0 giant spiked club
              (9 damage)
             ... on level 5 of the Dungeon.
             The game lasted 00:05:28 (3425 turns).

Citaku the Covered (Minotaur Fighter)               Turns: 3425, Time: 00:05:28

Health: -6/61      AC: 15    Str: 22    XL:     7   Next: 47%
Magic:  6/6        EV:  6    Int:  5    God:
Gold:   225        SH:  5    Dex: 10    Spells: 6/6 levels left

rFire   . . .      SeeInvis .    a - +0 war axe
rCold   . . .      Faith    .    c - +0 buckler
rNeg    + . .      Spirit   .    i - +0 plate armour
rPois   .          Reflect  .    (helmet restricted)
rElec   .          Harm     .    m - +1 cloak
rCorr   +          Rampage  .    (no gloves)
Will    .....                    (no boots) Stlth
                                 (no amulet)
HPRegen 0.30/turn                f - ring of resist corrosion
MPRegen 0.10/turn                s - ring of positive energy

@: mighty
A: horns 2, retaliatory headbutt
a: no special abilities


You were on level 5 of the Dungeon.
You visited 1 branch of the dungeon, and saw 5 of its levels.

You collected 225 gold pieces.

Inventory:

Hand Weapons
 a - a +0 war axe (weapon)
Armour
 c - a +0 buckler (worn)
 i - a +0 plate armour (worn)
 m - a +1 cloak (worn)
Jewellery
 f - a ring of resist corrosion (left hand)
 s - a ring of positive energy (right hand)
Scrolls
 b - 2 scrolls of noise {unknown}
 e - a scroll of enchant weapon {unknown}
 g - 2 scrolls of enchant armour {unknown}
 h - a scroll of immolation {unknown}
 j - a scroll of poison {unknown}
 l - a scroll of fear {unknown}
 n - 4 scrolls of identify {unknown}
 r - a scroll of amnesia {unknown}
 t - a scroll of butterflies {unknown}
 u - a scroll of teleportation {unknown}
Potions
 d - a potion of might
 k - a potion of magic {unknown}
 o - a potion of lignification {unknown}
 p - 3 potions of flight {unknown}
 q - a potion of mutation {unknown}
 v - a potion of cancellation {unknown}


   Skills:
 + Level 5.3 Fighting
 * Level 6.3 Axes
 * Level 6.8 Armour
 + Level 5.3 Shields


You had 6 spell levels left.
You didn't know any spells.
Your spell library contained the following spells:

 Spells                   Type           Power      Damage    Failure   Level
 Slow                     Hex            0%         N/A       100%        1
 Blink                    Tloc           0%         N/A       100%        2
 Momentum Strike          Conj/Tloc      0%         3d8       100%        2
 Sublimation of Blood     Necr           0%         N/A       100%        2
 Confusing Touch          Hex            0%         N/A       100%        3
 Lesser Beckoning         Tloc           0%         N/A       100%        3
 Portal Projectile        Hex/Tloc       0%         N/A       100%        3
 Tukima's Dance           Hex            0%         N/A       100%        3
 Vampiric Draining        Necr           0%         2d6       100%        3
 Petrify                  Tmut/Erth      0%         N/A       100%        4
 Blade Hands              Tmut           0%         N/A       100%        5
 Irradiate                Conj/Tmut      0%         3d11      100%        5


Dungeon Overview and Level Annotations

Branches:
Dungeon (5/15)
 Temple: D:4-7

Altars:

Shops:
D:1 :


Innate Abilities, Weirdness & Mutations

You have a pair of horns on your head.
You reflexively headbutt those who attack you in melee.


Message History

Your Axes skill increases to level 6!
You barely miss the gnoll. Your headbutt misses the gnoll. You slash the adder!
You kill the adder!
You slash the black bear!
The gnoll hits you but does no damage. x2
The black bear bites you.
* * * LOW HITPOINT WARNING * * *
The black bear barely misses you. The black bear claws you.
* * * LOW HITPOINT WARNING * * *
The gnoll hits you but does no damage.
You slash the gnoll!
You kill the gnoll!
You slash the black bear! You slash the gnoll!
You kill the gnoll!
The gnoll hits you from afar with a +0 spear.
* * * LOW HITPOINT WARNING * * *
The black bear goes berserk!
You block the gnoll's attack.
You barely miss the ogre. You closely miss the black bear.
The black bear bites you but does no damage.
The black bear claws you but does no damage. x2
The gnoll hits you from afar with a +0 spear.
* * * LOW HITPOINT WARNING * * *
The ogre hits you but does no damage. The gnoll hits you but does no damage.
The black bear barely misses you. You block the black bear's attack.
The black bear claws you.
* * * LOW HITPOINT WARNING * * *
You slash the ogre!
The ogre is heavily wounded.
You barely miss the black bear. The black bear barely misses you.
You furiously retaliate!
You headbutt the black bear!
You kill the black bear!
The gnoll hits you but does no damage.
The gnoll hits you from afar with a +0 spear.
* * * LOW HITPOINT WARNING * * *
You block the ogre's attack. The gnoll hits you but does no damage.
You block the gnoll's attack.
You slash the ogre!
The ogre is severely wounded.
The gnoll barely misses you.
The ogre hits you with a +0 giant spiked club!
You die...

#... #...######
####
.##........##...#
..........<.....#
(...............#
.........†....#
##...##>####+##
..##..)##.##
.......@...#
......O)...#
.......gg..+
...........#
...........#
.###.....###
#.....# .......


You could see an ogre and 2 gnolls.

Vanquished Creatures
  A black bear (D:5)
  An ogre (D:5)
  2 phantoms (D:4)
  A bullfrog (D:4)
  A scorpion (D:4)
  A hound (D:5)
  An orc priest (D:4)
  Jessica (D:3)
  Natasha (D:2)
  An orc wizard (D:4)
  2 gnolls (D:5)
  6 adders
  2 dart slugs (D:1)
  8 orcs
  8 ball pythons
  8 bats
  9 endoplasms
  2 giant cockroaches (D:3)
  9 hobgoblins
  6 jackals
  5 kobolds
  6 quokkas
  2 frilled lizards
  4 goblins
  2 rats
90 creatures vanquished.

Notes
Turn   | Place    | Note
-------+----------+-------------------------------------------
     0 | D:1      | Citaku the Minotaur Fighter began the quest for the Orb.
     0 | D:1      | Reached XP level 1. HP: 19/19 MP: 0/0
   113 | D:1      | Found Lademaz's Vocational Training.
   276 | D:1      | Reached XP level 2. HP: 27/27 MP: 1/1
  1002 | D:2      | Reached XP level 3. HP: 26/33 MP: 2/2
  1524 | D:2      | Noticed Natasha
  1526 | D:2      | Killed Natasha
  1527 | D:2      | Reached XP level 4. HP: 40/40 MP: 3/3
  1662 | D:3      | Noticed Jessica
  1668 | D:3      | Killed Jessica
  2279 | D:4      | Reached skill level 5 in Armour
  2279 | D:4      | Reached XP level 5. HP: 46/46 MP: 4/4
  2572 | D:4      | Noticed a phantom
  2578 | D:4      | Killed a phantom
  2579 | D:4      | Reached XP level 6. HP: 53/53 MP: 5/5
  2631 | D:4      | Reached skill level 5 in Axes
  2986 | D:4      | Reached skill level 5 in Fighting
  3304 | D:4      | Reached skill level 5 in Shields
  3409 | D:5      | Entered Level 5 of the Dungeon
  3412 | D:5      | Reached XP level 7. HP: 61/61 MP: 6/6
  3424 | D:5      | HP: 3/61 [gnoll/+0 spear (5)]
  3425 | D:5      | Mangled by an ogre

Illustrated notes

Levels and vault maps discovered:
D:1:      ncdulo_smallfort, layout_basic, nicolae_shop_vocational
D:2:      minmay_evil_eye, layout_loops_ring, uniq_natasha
D:3:      layout_loops_cross, uniq_jessica
D:4:      layout_loops_corners
D:5:      layout_gridville, minmay_temple_entry_large_hall,
          kennysheep_generic_room_5, uniq_crazy_yiuf_cottage, uniq_pikel

Skill      XL: |  1  2  3  4  5  6  7 |
---------------+----------------------+-----
Axes           | 3 4 5 6 |  6.3
Armour         | 4 5 6 |  6.8
Fighting       | 4 5 |  5.3
Shields        | 4 5 |  5.3

Action                   |  1- 3 |  4- 6 |  7- 9 || total
-------------------------+-------+-------+-------++-------
Melee: War axe           |    52 |   122 |     8 ||   182
       Headbutt          |     4 |    21 |     1 ||    26
  Use: Potion            |       |       |     1 ||     1
Armor: Scale mail        |    17 |       |       ||    17
       Plate armour      |    10 |    79 |    23 ||   112
Dodge: Dodged            |    20 |    27 |    10 ||    57
Block: Buckler           |    12 |    18 |     5 ||    35

Table legend: (Time is in decaauts)
 A = Elapsed time spent in this place.
 B = Non-inter-level travel time spent in this place.
 C = Inter-level travel time spent in this place.
 D = Time resting spent in this place.
 E = Time spent auto-exploring this place.
 F = Levels seen in this place.
 G = Mean time per level.
                   A        B        C        D        E       F      G
               +--------+--------+--------+--------+--------+-----+--------+
         Total |   3482 |   3379 |    103 |      0 |   2863 |   5 |  696.4 |
       Dungeon |   3482 |   3379 |    103 |      0 |   2863 |   5 |  696.4 |
               +--------+--------+--------+--------+--------+-----+--------+

Top non-repeatable levels by time:
     D:4: 1160 daAuts
     D:1: 949 daAuts
     D:2: 731 daAuts
     D:3: 623 daAuts
     D:5: 17 daAuts
